 Dungeon Crawl Stone Soup version 0.28.0-53-g5a82cb258f (webtiles) character file.

Game seed: 1647001506417664286

73 mcbry74 the Cudgeller (level 4, -4/44 HPs)
             Began as a Troll Berserker on June 21, 2022.
             Was a Believer of Trog.
             Slain by MalarOregon's ghost (8 damage)
             ... on level 3 of the Dungeon.
             The game lasted 00:05:28 (1819 turns).

mcbry74 the Cudgeller (Troll Berserker)             Turns: 1819, Time: 00:05:29

Health: -4/44      AC:  4    Str: 25    XL:     4   Next: 8%
Magic:  3/3        EV: 10    Int: 11    God:    Trog [**....]
Gold:   104        SH:  5    Dex:  9    Spells: 3/3 levels left

rFire   . . .      SeeInvis .   a - +0 mace
rCold   . . .      Faith    .   (no shield)
rNeg    . . .      Spirit   .   b - +0 animal skin
rPois   .          Reflect  +   (helmet restricted)
rElec   .          Harm     .   (no cloak)
rCorr   .          Rampage  .   (gloves unavailable)
Will    .....                   (boots unavailable)
Stlth   +.........              n - amulet of reflection
HPRegen 0.94/turn               j - +6 ring of intelligence
MPRegen 0.08/turn               (no ring)

@: on berserk cooldown, slowed, very slow
A: large, unfitting armour, claws 3, regeneration 1, shaggy fur 1, tough skin 1
a: Renounce Religion, Berserk, Trog's Hand


You were on level 3 of the Dungeon.
You worshipped Trog.
Trog was pleased with you.
You visited 1 branch of the dungeon, and saw 3 of its levels.

You collected 104 gold pieces.

Inventory:

Hand Weapons
 a - a +0 mace (weapon)
Missiles
 d - 56 stones
 h - 6 poisoned darts (quivered)
Armour
 b - a +0 animal skin (worn)
Jewellery
 j - a +6 ring of intelligence (left claw)
 n - an amulet of reflection (around neck)
Scrolls
 c - a scroll of identify {unknown}
 i - a scroll of teleportation {unknown}
 l - a scroll of fog {unknown}
Potions
 e - a potion of haste {unknown}
 f - a potion of lignification {unknown}
 g - 3 potions of curing {unknown}
 k - a potion of flight {unknown}
 m - a potion of degeneration {unknown}


   Skills:
 - Level 2.4 Fighting
 + Level 4.5 Maces & Flails
 - Level 2.4 Dodging


You had 3 spell levels left.
You didn't know any spells.
Your spell library was empty.

Dungeon Overview and Level Annotations

Branches:
Dungeon (3/15)

Altars:
The Shining One

Annotations:
D:3 MalarOregon's ghost, amateur PaWr


Innate Abilities, Weirdness & Mutations

You are too large for most types of armour.
You have claws for hands.
Your natural rate of healing is unusually fast.
You are covered in fur. (AC +1)
You have tough skin. (AC +1)


Message History

MalarOregon's ghost closely misses you.
You hit MalarOregon's ghost but do no damage.
MalarOregon's ghost is severely damaged.
MalarOregon's ghost hits you. x2
You barely miss MalarOregon's ghost.
MalarOregon's ghost is severely damaged.
MalarOregon's ghost stares at you. MalarOregon's ghost hits you!
You closely miss MalarOregon's ghost.
MalarOregon's ghost is severely damaged.
MalarOregon's ghost barely misses you. You block MalarOregon's ghost's attack.
You closely miss MalarOregon's ghost.
MalarOregon's ghost is severely damaged.
MalarOregon's ghost hits you but does no damage.
MalarOregon's ghost hits you!
* * * LOW HITPOINT WARNING * * *
You hit MalarOregon's ghost but do no damage.
Your claw misses MalarOregon's ghost.
MalarOregon's ghost is severely damaged.
MalarOregon's ghost hits you!
* * * LOW HITPOINT WARNING * * *
You block MalarOregon's ghost's attack.
You hit MalarOregon's ghost.
MalarOregon's ghost is almost destroyed.
MalarOregon's ghost stares at you.
You block MalarOregon's ghost's attack. x2
You closely miss MalarOregon's ghost.
MalarOregon's ghost is almost destroyed.
MalarOregon's ghost hits you.
* * * LOW HITPOINT WARNING * * *
You barely miss MalarOregon's ghost.
MalarOregon's ghost is almost destroyed.
MalarOregon's ghost hits you.
* * * LOW HITPOINT WARNING * * *
MalarOregon's ghost hits you.
* * * LOW HITPOINT WARNING * * *
You hit MalarOregon's ghost.
MalarOregon's ghost is almost destroyed.
MalarOregon's ghost hits you!
You die...

##### ########...#
#..........#
##.....#....#
##........#.# #
#...#@#...#.#####.#
#...##W##....##....#
....##...##....#.####
#..##.....##........#
#..#⌠.?♣!.⌠#..##.##.#
#..##.....##..##.##.#
#...##...##...##.##.#
.....##⌠##...###)##.#
..###...## #.##.#


You could see MalarOregon's ghost.

Vanquished Creatures
  2 adders (D:2)
  A worm (D:2)
  A dart slug (D:1)
  An orc (D:3)
  3 endoplasms
  4 giant cockroaches
  2 goblins
  3 hobgoblins
  3 jackals (D:1)
  3 kobolds
  4 quokkas
  4 ball pythons
  4 bats
  2 frilled lizards (D:1)
  9 rats
46 creatures vanquished.

Notes
Turn   | Place    | Note
-------+----------+-------------------------------------------
     0 | D:1      | mcbry74 the Troll Berserker began the quest for the Orb.
     0 | D:1      | Reached XP level 1. HP: 22/22 MP: 0/0
    37 | D:1      | Reached skill level 3 in Maces & Flails
   172 | D:1      | Reached XP level 2. HP: 29/29 MP: 1/1
   569 | D:1      | Reached ** piety under Trog
   753 | D:2      | Found a faded altar of an unknown god.
   762 | D:2      | Reached XP level 3. HP: 34/36 MP: 2/2
  1038 | D:2      | Reached skill level 4 in Maces & Flails
  1245 | D:2      | Found a glowing golden altar of the Shining One.
  1594 | D:3      | Reached XP level 4. HP: 44/44 MP: 3/3
  1782 | D:3      | Found a runed translucent door.
  1782 | D:3      | Noticed MalarOregon's ghost (amateur PaWr)
  1818 | D:3      | HP: 2/44 [MalarOregon's ghost (4)]
  1819 | D:3      | Slain by MalarOregon's ghost

Illustrated notes

Levels and vault maps discovered:
D:1:      dpeg_arrival_ratfight, layout_basic
D:2:      layout_loops_corners, ebering_ecumenical_altar_box, basic_altar
D:3:      layout_loops_ring, hellmonk_ghost_happy_afterlife,
          nicolae_concentric_dashed_squares_mild

Skill      XL: |  1  2  3 |
---------------+----------+-----
Maces & Flails | 3 4 |  4.5
Fighting       | |  2.4
Dodging        | |  2.4

Action                   |  1- 3 |  4- 6 || total
-------------------------+-------+-------++-------
Melee: Mace              |   131 |    23 ||   154
Throw: Dart              |    11 |     7 ||    18
Invok: Berserk           |       |     1 ||     1
Armor: Animal skin       |    57 |     4 ||    61
Dodge: Dodged            |    64 |    10 ||    74
Block: Other             |       |     6 ||     6
